Description

(Hatch F, Lurkers,bane,ling)

Build Order

Get SALT Encoding   

  12  0:00  Drone  
  13  0:13  Overlord  
  13  0:16  Drone  
  14  0:31  Drone x2  
  16  0:35  Drone  
  17  0:52  Hatchery  
  17  0:56  Drone  
  17  0:58  Drone  
  18  1:09  Extractor  
  17  1:13  Spawning Pool  
  17  1:18  Drone x2  
  18  1:29  Drone  
  19  1:41  Overlord  
  19  1:50  Drone  
  20  2:01  Zergling x2  
  21  2:04  Queen x2  
  21  2:05  Drone  
  26  2:10  Metabolic Boost  
  26  2:11  Drone  
  27  2:17  Drone  
  28  2:26  Drone x2  
  30  2:34  Drone  
  31  2:40  Hatchery  
  30  2:45  Drone  
  30  2:47  Pneumatized Carapace  
  31  2:52  Zergling x2  
  31  2:55  Overlord  
  31  2:58  Drone x2  
  34  3:06  Zergling x2  
  35  3:13  Drone x3  
  35  3:14  Drone x3  
  35  3:16  Drone  
  41  3:24  Spore Crawler, Overlord  
  40  3:28  Drone  
  40  3:31  Drone  
  41  3:35  Zergling x2  
  43  3:44  Drone  
  43  3:47  Evolution Chamber  
  43  3:48  Queen, Extractor  
  43  3:51  Drone x2  
  43  3:52  Drone x2  
  43  3:53  Drone x2  
  50  3:57  Roach Warren  
  49  4:04  Drone x2  
  49  4:06  Queen  
  53  4:12  Overlord  
  53  4:13  Lair  
  53  4:16  Zergling x2  
  53  4:17  Zergling x6  
  56  4:21  Spore Crawler  
  56  4:22  Spore Crawler  
  55  4:25  Drone, Spore Crawler  
  55  4:27  Drone  
  55  4:30  Drone x2  
  58  4:36  Drone x2  
  58  4:38  Overlord  
  60  4:39  Roach  
  60  4:41  Roach  
  64  4:47  Overlord  
  64  4:56  Overlord  
  64  4:57  Roach x3  
  64  4:58  Drone x2  
  64  4:59  Drone  
  73  5:02  Overlord  
  73  5:05  Overlord  
  74  5:07  Drone x2  
  74  5:09  Drone  
  74  5:11  Overseer  
  76  5:14  Roach x2  
  76  5:20  Drone x2  
  81  5:23  Drone  
  80  5:31  Drone x2  
  80  5:33  Drone x6  
  84  5:36  Drone  
  84  5:38  Glial Reconstitution  
  84  5:41  Drone x3, Extractor  
  87  5:42  Extractor  
  87  5:44  Overseer  
  87  5:48  Extractor  
  87  5:49  Extractor, Hydralisk Den  
  83  5:52  Zergling x2  
  83  5:53  Zergling x4  
  83  5:56  Zerg Missile Weapons Level 1  
  86  6:01  Drone  
  86  6:04  Roach  
  89  6:06  Drone  
  89  6:09  Drone  
  91  6:13  Drone x6  
  91  6:14  Spine Crawler  
  91  6:16  Drone x2  
  96  6:26  Muscular Augments  
  96  6:28  Drone  
  96  6:30  Overlord  
  96  6:31  Overlord  
  97  6:33  Hatchery  
  95  6:55  Hydralisk x5  
  95  6:56  Overlord  
  95  6:57  Overlord x3  
  105  7:15  Hydralisk x3  
  105  7:16  Hydralisk x8  
  127  7:23  Drone x2, Baneling Nest  
  127  7:25  Drone x2  
  127  7:26  Drone x2  
  127  7:29  Overlord x2  
  132  7:30  Hydralisk  
  132  7:35  Hydralisk x2  
  138  7:42  Lurker Den  
  138  7:44  Extractor  
  138  7:45  Drone  
  138  7:46  Overseer, Queen  
  138  7:47  Drone x2  
  142  7:52  Zergling x8  
  142  7:54  Extractor  
  142  7:56  Zergling x2  
  142  7:57  Zergling x10  
  151  7:59  Zergling x4  
  151  8:00  Zergling x2  
  154  8:08  Zergling x2, Overlord  
  154  8:11  Hydralisk  
  157  8:13  Zergling x6  
  157  8:16  Centrifical Hooks  
  157  8:19  Overlord  
  160  8:23  Overlord x3  
  160  8:28  Zergling x14  
  167  8:35  Zergling x2  
  167  8:37  Hatchery  
  167  8:38  Zergling x2  
  167  8:39  Zergling x4  
  169  8:45  Zergling x6  
  169  8:47  Zergling x4  
  173  8:53  Zergling x8  
  175  8:56  Zergling x2  
  175  8:58  Hydralisk x2  
  175  8:59  Hydralisk x2  
  178  9:04  Zergling x2  
  178  9:06  Zergling x6  
  178  9:08  Lurker  
  178  9:09  Lurker x10  
  192  9:13  Lurker x2  
  192  9:14  Lurker  
  195  9:23  Zergling x2  
  196  9:25  Baneling x10  
  196  9:26  Baneling x2  
  196  9:28  Zergling x2  
  197  9:44  Hydralisk x2  
  192  9:50  Zergling x14  
  187  9:54  Hydralisk  
  194  10:00  Zergling x10  
Spawning Tool Build Advisor. Get it on Overwolf

Analysis

(Hatch F, Lurkers,bane,ling)

Go to:

Details

  • Created by: DarkHeartz
  • Published on: Nov 15, 2016
  • Modified on: Nov 15, 2016
  • Patch: Pre-3.8.0
Show
View Real Time Build Order
Export as new Build Order

Comments (0)

There are no comments. Be the first!

Create an account to comment!